 Dungeon Crawl Stone Soup version 0.30-a0-354-g6b83867211 (webtiles) character file.

Game seed: 10141263979015082151

100 billz999 the Changer (level 4, 0/30 HPs)
             Began as a Vampire Earth Elementalist on Nov 7, 2022.
             Killed from afar by an orc wizard (7 damage)
             ... with a magic dart
             ... on level 3 of the Dungeon.
             The game lasted 00:04:37 (2154 turns).

billz999 the Changer (Vampire Earth Elementalist)   Turns: 2154, Time: 00:04:37

Health: 0/30       AC:  2    Str:  7    XL:     4   Next: 46%
Magic:  2/7        EV: 12    Int: 19    God:
Gold:   162        SH:  0    Dex: 14    Spells: 6/7 levels left

rFire   . . .      SeeInvis +    t - +1 dagger (venom)
rCold   . . .      Faith    .    (no shield)
rNeg    . . .      Spirit   .    a - +0 robe
rPois   .          Reflect  .    (no helmet)
rElec   .          Harm     .    (no cloak)
rCorr   .          Rampage  .    (no gloves)
Will    .....                    (no boots)
Stlth   ++........               (no amulet)
HPRegen 0.45/turn                (no ring)
MPRegen 0.10/turn                (no ring)

@: healing quickly
A: alive, fangs 3, see invisible, vampiric 2
a: Exsanguinate


You were on level 3 of the Dungeon.
You visited 1 branch of the dungeon, and saw 3 of its levels.

You collected 162 gold pieces.

Inventory:

Hand Weapons
 t - a +1 dagger of venom (weapon)
Armour
 a - a +0 robe (worn)
 g - a +3 leather armour
 i - a +0 pair of boots
Magical Staves
 m - a staff of cold
 p - a staff of air
Jewellery
 l - a ring of poison resistance
Scrolls
 d - a scroll of blinking {unknown}
 e - a scroll of magic mapping {unknown}
 h - 3 scrolls of identify {unknown}
 j - 2 scrolls of teleportation {unknown}
 k - a scroll of torment {unknown}
 q - 2 scrolls of immolation {unknown}
 r - a scroll of poison {unknown}
 s - a scroll of enchant armour {unknown}
 u - a scroll of brand weapon {unknown}
Potions
 b - a potion of magic
 c - 4 potions of curing {unknown}
 f - a potion of ambrosia {unknown}
 n - a potion of haste {unknown}
 o - a potion of invisibility {unknown}


   Skills:
 - Level 2.1 Dodging
 - Level 3.0 Stealth
 - Level 2.0 Spellcasting
 + Level 4.8 Transmutations
 - Level 3.0 Earth Magic


You had 6 spell levels left.
You knew the following spells:

 Your Spells              Type           Power      Damage    Failure   Level
a - Sandblast             Erth           26%        2d8       4%          1

Your spell library contained the following spells:

 Spells                   Type           Power      Damage    Failure   Level
 Passwall                 Tmut/Erth      13%        N/A       4%          2
 Stone Arrow              Conj/Erth      14%        3d7       26%         3
 Petrify                  Tmut/Erth      16%        N/A       32%         4
 Dazzling Flash           Conj/Hex       2%         N/A       45%         3
 Iskenderun's Mystic Bla  Conj/Tloc      1%         2d3       86%         4
 Starburst                Conj/Fire      0%         6d3       100%        6


Dungeon Overview and Level Annotations

Branches:
Dungeon (3/15)

Altars:

Shops:
D:2 (


Innate Abilities, Weirdness & Mutations

Your natural rate of healing is accelerated.
You have razor-sharp teeth.
You have supernaturally acute eyesight. (SInv)
You are afflicted with vampirism and can become a bat while bloodless.


Message History

The orc is heavily wounded.
The orc barely misses you.
Unknown command.
Casting: Sandblast (safe; 4% risk of failure)
Confirm with . or Enter, or press ? or * to list all spells.
Aiming: Sandblast (safe; 4% risk of failure)
Press: ? - help, Shift-Dir - straight line, f/p - orc wizard
Aim: an orc wizard, wielding a +0 dagger and wearing a +0 robe (77% to hit)
The blast of sand hits the orc.
You kill the orc!
Unknown command.
Casting: Sandblast (safe; 4% risk of failure)
Confirm with . or Enter, or press ? or * to list all spells.
Aiming: Sandblast (safe; 4% risk of failure)
Press: ? - help, Shift-Dir - straight line, f/p - orc wizard
Aim: an orc wizard, wielding a +0 dagger and wearing a +0 robe (77% to hit)
The blast of sand misses the orc wizard.
The orc wizard closely misses you. The orc wizard misses you.
Unknown command.
Casting: Sandblast (safe; 4% risk of failure)
Confirm with . or Enter, or press ? or * to list all spells.
Aiming: Sandblast (safe; 4% risk of failure)
Press: ? - help, Shift-Dir - straight line, f - orc, p - orc wizard
Aim: an orc, wielding a +0 falchion (82% to hit)
The blast of sand hits the orc wizard.
The orc wizard is moderately wounded.
The orc wizard hits you with a +0 dagger.
* * * LOW HITPOINT WARNING * * *
Casting: Sandblast (safe; 4% risk of failure)
Confirm with . or Enter, or press ? or * to list all spells.
Aiming: Sandblast (safe; 4% risk of failure)
Press: ? - help, Shift-Dir - straight line, f/p - orc
Aim: an orc, wielding a +0 falchion (82% to hit)
The blast of sand hits the orc wizard!
The orc wizard is almost dead.
The orc wizard hits you with a +0 dagger.
* * * LOW HITPOINT WARNING * * *
The orc wizard points at you and mumbles some strange words.
The magic dart hits you!
You die...

###.#####.#......######
#....# #.#.#<.......##
#....# #.#........#.##
#....####...#....#.#.#.
###....†....#.#..#.#.#.
###########.#..#.#.#.
#o....(#.##.#.#.#.
#o#....#....#.#.#.
#@#o...######.#...
#.#.......)...###.
####.#o.†######### #.
#....'...'....# ##
#....#...####.#
#....#...# #....#####
#....# #..o..


You could see an orc wizard and an orc.

Vanquished Creatures
  An adder (D:3)
  A worm (D:2)
  2 dart slugs (D:1)
  4 orcs
  4 bats
  7 endoplasms
  2 giant cockroaches (D:1)
  9 goblins
  6 hobgoblins
  14 jackals
  3 quokkas
  4 ball pythons
  2 frilled lizards
  5 kobolds
  5 rats
69 creatures vanquished.

Notes
Turn   | Place    | Note
-------+----------+-------------------------------------------
     0 | D:1      | billz999 the Vampire Earth Elementalist began the quest for
                  | the Orb.
     0 | D:1      | Reached XP level 1. HP: 13/13 MP: 3/3
    76 | D:1      | Reached skill level 2 in Transmutations
    88 | D:1      | Reached XP level 2. HP: 14/19 MP: 0/5
   298 | D:1      | Reached skill level 3 in Transmutations
   373 | D:1      | Gained mutation: You are afflicted with vampirism and can
                  | become a bat while bloodless. [Vampire growth]
   373 | D:1      | Reached XP level 3. HP: 20/24 MP: 0/6
  1125 | D:2      | Reached skill level 4 in Transmutations
  1393 | D:2      | Found Mostraf's Weapon Shop.
  1584 | D:2      | Reached XP level 4. HP: 25/30 MP: 1/7
  1844 | D:2      | Found a faded altar of an unknown god.
  2154 | D:3      | Killed from afar by an orc wizard

Illustrated notes

Levels and vault maps discovered:
D:1:      wander_arrival_lonely_grave, layout_rooms, minmay_quantized
D:2:      layout_loops_ring, shapermc_ecumenical_altar_hornbeckon, serial_shops,
          nicolae_square_shop, guppyfry_early_orc_mine
D:3:      layout_basic, kennysheep_generic_room_14

Skill      XL: |  1  2  3 |
---------------+----------+-----
Transmutations | 2 3 4 |  4.8
Dodging        | |  2.1
Stealth        | |  3.0
Spellcasting   | |  2.0
Earth Magic    | |  3.0

Action                   |  1- 3 |  4- 6 || total
-------------------------+-------+-------++-------
Melee: Unarmed           |    42 |       ||    42
       Bite              |     5 |     2 ||     7
       Punch             |     2 |       ||     2
       Staff             |       |    13 ||    13
       Dagger            |       |     7 ||     7
 Cast: Sandblast         |    67 |    19 ||    86
 Stab: Sleeping          |     1 |     1 ||     2
Armor: Robe              |    12 |     4 ||    16
Dodge: Dodged            |    57 |    24 ||    81

Table legend: (Time is in decaauts)
 A = Elapsed time spent in this place.
 B = Non-inter-level travel time spent in this place.
 C = Inter-level travel time spent in this place.
 D = Time resting spent in this place.
 E = Time spent auto-exploring this place.
 F = Levels seen in this place.
 G = Mean time per level.
                   A        B        C        D        E       F      G
               +--------+--------+--------+--------+--------+-----+--------+
         Total |   2203 |   2158 |     45 |     58 |   1690 |   3 |  734.3 |
       Dungeon |   2203 |   2158 |     45 |     58 |   1690 |   3 |  734.3 |
               +--------+--------+--------+--------+--------+-----+--------+

Top non-repeatable levels by time:
     D:2: 1085 daAuts
     D:1: 873 daAuts
     D:3: 245 daAuts
